 Dungeon Crawl Stone Soup version 0.15-a0-1646-g393eda0 (webtiles) character file.

8999 Kenran the Bludgeoner (level 11, -1/115 HPs)
             Began as an Ogre Berserker on June 22, 2014.
             Was a High Priest of Trog.
             Slain by an unseen horror (4 damage)
             ... on Level 10 of the Dungeon.
             The game lasted 00:42:36 (11789 turns).

Kenran the Bludgeoner (Ogre Berserker)             Turns: 11789, Time: 00:42:36

HP  -1/115       AC  4     Str 25      XL: 11   Next: 39%
MP   0/11        EV 10     Int  6      God: Trog [*****.]
Gold 565         SH  0     Dex 11      Spells:  0 memorised, 10 levels left

rFire  + . .     SeeInvis .     w - +7 dire flail "Essaqufu" {crush, +Fly Dex-1 Stlth+}
rCold  . . .     Clarity  .     b - +1 animal skin
rNeg   . . .     rCorr    .     (shield restricted)
rPois  .         rRot     .     (helmet restricted)
rElec  .         Spirit   +     (no cloak)
SustAb .         Warding  .     (gloves unavailable)
rMut   .         Stasis   .     (boots unavailable)
Gourm  .                        z - amulet of guardian spirit
MR     +....                    (no ring)
                                r - +1 ring of strength

@: exhausted, about to teleport, slowed, very slow, somewhat resistant to
hostile enchantments, unstealthy
A: unfitting armour, fire resistance 1, tough skin 1
a: Burn Spellbooks, Berserk, Trog's Hand, Brothers in Arms, Renounce Religion,
Evoke Flight


You were on level 10 of the Dungeon.
You worshipped Trog.
Trog was extremely pleased with you.
You were very hungry.

You visited 1 branch of the dungeon, and saw 10 of its levels.
You also visited: Bailey.

You collected 565 gold pieces.

Inventory:

Hand weapons
 i - a +2 whip of electrocution
 l - a +1 giant spiked club
 w - the +7 dire flail "Essaqufu" (weapon) {crush, +Fly Dex-1 Stlth+}
   (Trog gifted it to you on level 9 of the Dungeon)

   It inflicts extra damage upon your enemies.
   It affects your dexterity (-1).
   It lets you fly.
   It makes you more stealthy.
Armour
 b - a +1 animal skin (worn)
Magical devices
 a - a wand of magic darts (15)
 d - a wand of random effects (7) {unknown}
 f - a wand of magic darts (15)
 o - a wand of paralysis (9) {unknown}
 s - a wand of magic darts (8)
 y - a wand of random effects (14) {unknown}
Comestibles
 c - 4 meat rations
 j - 2 bread rations
 B - 6 royal jellies
 C - 3 beef jerkies
 E - 3 fruits
Scrolls
 g - a scroll of identify
 h - 3 scrolls of teleportation
 n - a scroll of enchant armour
 t - 4 scrolls of remove curse
 u - 2 scrolls of recharging
 v - a scroll of magic mapping
Jewellery
 r - a +1 ring of strength (left hand)
 z - an amulet of guardian spirit (around neck)
Potions
 e - a potion of curing
 k - 2 potions of restore abilities
 m - a potion of mutation
 p - a potion of degeneration {unknown}
 q - 2 potions of flight
 D - a potion of porridge


   Skills:
 + Level 9.1 Fighting
 - Level 19.5 Maces & Flails
 - Level 2.9 Dodging


You had 10 spell levels left.
You didn't know any spells.

Dungeon Overview and Level Annotations

Branches:
Dungeon (10/15)            Temple (0/1) D:7             Orc (0/4) D:9
   Lair (0/8) D:8

Altars:
Cheibriados
Dithmenos
Elyvilon
Kikubaaqudgha
Okawaru
Qazlal
Trog
Vehumet
Xom
Yredelemnul
Zin
The Shining One
Beogh

Shops:
D:6 (


Innate Abilities, Weirdness & Mutations

You are too large for most types of armour.
You have tough skin (AC +1).
Your flesh is heat resistant.


Message History

Something hits you but does no damage. Something hits you.
* * * LOW HITPOINT WARNING * * *
Something hits you.
* * * LOW HITPOINT WARNING * * *
Something hits you but does no damage.
You sock something! Something hits you.
* * * LOW HITPOINT WARNING * * *
Something hits you.
* * * LOW HITPOINT WARNING * * *
Something hits you.
* * * LOW HITPOINT WARNING * * *
Drink which item? (? for menu, Esc to quit)
Okay, then.
Read which item? (? for menu, Esc to quit)
As you read the scroll of teleportation, it crumbles to dust.
You feel strangely unstable. Something hits you!
* * * LOW HITPOINT WARNING * * *
Something hits you.
You die...

######### #......<.
#.####### #..######
####### ##.......
##....[## ########
##@.....$##
#.........#
#.........#
#.........#
#.........#########
#..................
#..................
#.........########.
#.........# ##...


There were no monsters in sight!

Vanquished Creatures
  The ghost of vYxOr the Covert, an experienced SpEn of Ashenzari (D:8)
  Joseph (D:7)
  A manticore (D:8)
  The ghost of eMajole the Archer, an experienced CeHu (D:5)
  Maurice (D:8)
  5 yaks (D:10)
  A hill giant zombie (D:8)
  A wyvern (D:9)
  A hungry ghost (D:9)
  Grum (D:9)
  The ghost of vYxOr the Sneak, an average SpEn (D:3)
  Menkaure (D:6)
  2 wolves (D:9)
  2 wargs (D:8)
  A water moccasin (D:9)
  5 ice beasts
  2 soldier ants (D:10)
  A phantom (D:4)
  A black bear (D:8)
  10 orc warriors
  A yellow wasp (D:8)
  2 sky beasts (D:9)
  4 ogres
  A necrophage (D:10)
  2 centaurs
  Sigmund (D:7)
  A big kobold (D:7)
  A brain worm (D:10)
  6 giant frogs
  A gnoll sergeant (D:5)
  A jelly (D:8)
  2 scorpions
  4 crimson imps
  A big fish (D:7)
  A centaur zombie (D:9)
  A centaur skeleton (D:5)
  8 orc priests
  3 hounds
  6 orc wizards
  An elf skeleton (D:9)
  2 iguanas
  8 worker ants
  A sky beast zombie (D:9)
  A big kobold skeleton (D:9)
  16 adders
  10 gnolls
  A shadow imp (D:9)
  3 giant mites
  2 worms
  5 giant geckos
  55 orcs
  16 goblins
  9 hobgoblins
  16 jackals
  15 kobolds
  A ball python (D:2)
  11 bats
  8 giant cockroaches
  3 giant newts
  A gnoll skeleton (D:6)
  6 quokkas
  16 rats
  A rat skeleton (D:7)
295 creatures vanquished.

Notes
Turn   | Place    | Note
--------------------------------------------------------------
     0 | D:1      | Kenran, the Ogre Berserker, began the quest for the Orb.
     0 | D:1      | Reached XP level 1. HP: 24/24 MP: 1/1
   154 | D:1      | Reached XP level 2. HP: 29/32 MP: 2/2
   171 | D:1      | Reached skill level 5 in Maces & Flails
   781 | D:1      | Acquired Trog's second power
   939 | D:1      | Reached XP level 3. HP: 35/39 MP: 3/3
  1011 | D:2      | Reached skill level 6 in Maces & Flails
  1108 | D:2      | Reached XP level 4. HP: 48/48 MP: 4/4
  1170 | D:2      | Found an iron altar of Okawaru.
  1173 | D:2      | Found a radiant altar of Vehumet.
  1173 | D:2      | Found a bloodstained altar of Trog.
  1178 | D:2      | Found a stormy altar of Qazlal.
  1416 | D:2      | Found a snail-covered altar of Cheibriados.
  1517 | D:2      | Reached skill level 7 in Maces & Flails
  1680 | D:2      | Reached XP level 5. HP: 42/54 MP: 5/5
  1919 | D:3      | Noticed vYxOr's ghost (average SpEn)
  1945 | D:3      | Killed vYxOr's ghost
  1945 | D:3      | Reached skill level 8 in Maces & Flails
  1945 | D:3      | Reached XP level 6. HP: 47/62 MP: 1/6
  2169 | D:3      | Found a shimmering altar of Xom.
  2274 | D:4      | Found an iron altar of Okawaru.
  2317 | D:4      | Reached skill level 9 in Maces & Flails
  2495 | D:4      | Reached skill level 10 in Maces & Flails
  2495 | D:4      | Reached XP level 7. HP: 70/70 MP: 7/7
  2763 | D:4      | Got a faintly glowing platinum amulet
  2765 | D:4      | Found a glowing golden altar of the Shining One.
  2766 | D:4      | Noticed an angel
  2780 | D:4      | Reached skill level 11 in Maces & Flails
  2937 | D:4      | Found a basalt altar of Yredelemnul.
  2938 | D:4      | Noticed a profane servitor
  3243 | D:4      | Identified the amulet "Gesey" {Spirit Str-2 Dex-4} (You found it on level 4 of the Dungeon)
  3256 | D:5      | Entered Level 5 of the Dungeon
  3299 | D:5      | Noticed eMajole's ghost (experienced CeHu)
  3308 | D:5      | Killed eMajole's ghost
  3308 | D:5      | Reached skill level 12 in Maces & Flails
  3308 | D:5      | Reached XP level 8. HP: 74/78 MP: 8/8
  3450 | D:5      | Acquired Trog's third power
  3694 | D:5      | Reached skill level 13 in Maces & Flails
  4271 | D:5      | Gained mutation: Your flesh is heat resistant. [potion of beneficial mutation]
  4342 | D:6      | Found a shimmering altar of Xom.
  4552 | D:6      | Found a white marble altar of Elyvilon.
  4552 | D:6      | Found a shadowy altar of Dithmenos.
  4568 | D:6      | Noticed Menkaure
  4574 | D:6      | Killed Menkaure
  4574 | D:6      | Reached skill level 14 in Maces & Flails
  4574 | D:6      | Reached XP level 9. HP: 84/84 MP: 9/9
  4638 | D:6      | Found Psue's Weapon Shoppe.
  4783 | D:7      | Found a staircase to the Ecumenical Temple.
  4943 | D:7      | Noticed Joseph
  4965 | D:7      | Killed Joseph
  4965 | D:7      | Reached skill level 15 in Maces & Flails
  5017 | D:7      | Found a flagged portal.
  5038 | Bailey   | Entered a bailey
  5569 | Bailey   | Noticed an orc knight
  5573 | Bailey   | Noticed an orc knight
  6548 | D:7      | Noticed Sigmund
  6554 | D:7      | Killed Sigmund
  6697 | D:7      | Reached skill level 16 in Maces & Flails
  7110 | D:7      | Found a glowing silver altar of Zin.
  7111 | D:7      | Found an ancient bone altar of Kikubaaqudgha.
  7422 | D:8      | Noticed Maurice
  7451 | D:8      | Reached XP level 10. HP: 90/92 MP: 10/10
  7461 | D:8      | Reached skill level 17 in Maces & Flails
  7472 | D:8      | Received a gift from Trog
  7596 | D:8      | Noticed a manticore
  7606 | D:8      | Killed a manticore
  7931 | D:8      | Found a staircase to the Lair.
  8222 | D:8      | Killed Maurice
  8222 | D:8      | Reached skill level 18 in Maces & Flails
  8658 | D:8      | Noticed vYxOr's ghost (experienced SpEn)
  8670 | D:8      | Killed vYxOr's ghost
  9453 | D:9      | Reached skill level 19 in Maces & Flails
  9502 | D:9      | Received a gift from Trog
  9503 | D:9      | Noticed Grum
  9510 | D:9      | Killed Grum
  9510 | D:9      | Reached skill level 5 in Fighting
  9718 | D:9      | Reached XP level 11. HP: 88/105 MP: 11/11
  9745 | D:9      | Found a roughly hewn altar of Beogh.
 10122 | D:9      | Found a staircase to the Orcish Mines.
 10679 | D:9      | Received a gift from Trog
 10682 | D:9      | Got an ancient dire flail {god gift}
 10735 | D:9      | Identified the +7 dire flail "Essaqufu" {crush, +Fly Dex-1 Stlth+} (Trog gifted it to you on level 9 of the Dungeon)
 11110 | D:10     | Entered Level 10 of the Dungeon
 11789 | D:10     | HP: 3/115 [something (11)]
 11789 | D:10     | Slain by an unseen horror

Action                   |  1- 3 |  4- 6 |  7- 9 | 10-12 || total
-------------------------+-------+-------+-------+-------++-------
Melee: Mace              |    53 |       |       |       ||    53
       Whip              |    40 |   118 |   369 |   191 ||   718
       Giant spiked club |       |     8 |       |   122 ||   130
       Dire flail        |       |       |       |    58 ||    58
Invok: Berserk           |       |     1 |     6 |     5 ||    12
  Use: Scroll            |     5 |     4 |    10 |    11 ||    30
       Potion            |       |       |     5 |     4 ||     9
 Stab: Sleeping          |       |       |       |     4 ||     4
